 Dungeon Crawl Stone Soup version 0.21.1-1-g345015fe64 (webtiles) character file.

389 Ivernyr the Shield-Bearer (level 7, -5/54 HPs)
             Began as a Human Fighter on Apr 18, 2018.
             Was an Initiate of Ru.
             Killed by divine providence
             ... invoked by an orc priest
              (9 damage)
             ... on level 3 of the Dungeon.
             The game lasted 00:07:19 (2625 turns).

Ivernyr the Shield-Bearer (Human Fighter)           Turns: 2625, Time: 00:07:20

Health: -5/54      AC: 10    Str: 17    XL:     7   Next: 7%
Magic:  7/7        EV:  7    Int:  8    God:    Ru [......]
Gold:   159        SH: 10    Dex: 14    Spells: 6/6 levels left

rFire    . . .     SeeInvis .   a - +0 long sword
rCold    . . .     Gourm    .   c - +0 shield
rNeg     . . .     Faith    .   b - +0 scale mail
rPois    .         Spirit   .   (no helmet)
rElec    .         Reflect  .   (no cloak)
rCorr    .         Harm     .   (no gloves)
MR       .....                  r - +2 pair of boots
Stlth    ..........             (no amulet)
HPRegen  0.18/turn              (no ring)
MPRegen  0.10/turn              (no ring)

@: no status effects
A: no striking features
a: Renounce Religion


You were on level 3 of the Dungeon.
You worshipped Ru.
Ru was noncommittal.
You were not hungry.

You visited 1 branch of the dungeon, and saw 3 of its levels.

You collected 159 gold pieces.

Inventory:

Hand Weapons
 a - a +0 long sword (weapon)
Armour
 b - a +0 scale mail (worn)
 c - a +0 shield (worn)
 l - a +1 buckler of protection
 r - a +2 pair of boots (worn)
Wands
 q - a wand of digging (11)
Scrolls
 e - a scroll of fear {unknown}
 g - a scroll of immolation {unknown}
 h - 3 scrolls of identify {unknown}
 i - 2 scrolls of magic mapping {unknown}
 j - a scroll of teleportation {unknown}
 m - 4 scrolls of enchant armour {unknown}
 s - a scroll of blinking {unknown}
 u - a scroll of remove curse {unknown}
Potions
 d - a potion of might
 k - a potion of brilliance {unknown}
 n - a potion of ambrosia {unknown}
 o - a potion of flight {unknown}
 p - a potion of degeneration {unknown}
 t - a potion of lignification {unknown}
Comestibles
 f - 2 rations


   Skills:
 + Level 4.2 Fighting
 + Level 3.5 Long Blades
 + Level 4.2 Armour
 * Level 5.2 Shields


You had 6 spell levels left.
You didn't know any spells.

Dungeon Overview and Level Annotations

Branches:
Dungeon (3/15)

Altars:
Elyvilon
Ru
Uskayaw


Message History

You closely miss the orc priest.
The orc priest is moderately wounded.
The orc priest hits you but does no damage.
You hit the orc priest but do no damage.
The orc priest is moderately wounded.
The orc priest mumbles some strange prayers to Beogh against you.
Beogh smites you!
The orc priest invokes the aid of Beogh against you.
You struggle to resist.
The orc priest looks braver for a moment.
The orc priest calls down the wrath of Beogh upon you.
Beogh smites you!
* * * LOW HITPOINT WARNING * * *
The orc priest mumbles some strange prayers to Beogh against you.
Pain shoots through your body!
* * * LOW HITPOINT WARNING * * *
You see here a frilled lizard corpse.
The orc priest invokes the aid of Beogh against you.
Beogh smites you!
You die...

#####.#.##.## #.........#.#
#.###.#o##.## #.#o##.# #..
#.#.##.. .. #.. #.#.####. #. #..#
#.#†# .# #. #... #.#.# #.# #.
#..#########.#@# #.# #.
###....†......>..# #.####### ##.
.......######.#### #.#.....###..
.....).# #.# #.#.# #.##...
.......######.## #.#.# #......
.............#.## #.#.###)##...
.<.....####.###.#####.#.....###..
.......###[## ##.#...............
..........## ##.....###.#######


You could see 2 orc priests.

Vanquished Creatures
  The ghost of Ivernyr the Shield-Bearer, an amateur HuFi (D:3)
  2 jellies (D:2)
  Jessica (D:2)
  Natasha (twice) (D:2)
  2 adders (D:3)
  9 oozes (D:2)
  A worm (D:2)
  A dart slug (D:2)
  A leopard gecko (D:2)
  An orc (D:3)
  4 giant cockroaches
  6 goblins
  6 hobgoblins (D:1)
  4 jackals
  A ball python (D:3)
  6 bats
  2 frilled lizards
  10 kobolds
  7 rats
67 creatures vanquished.

Vanquished Creatures (others)
  A quokka (D:2)
  A fungus (D:2)
  9 toadstools (D:2)
11 creatures vanquished.

Grand Total: 78 creatures vanquished

Notes
Turn   | Place    | Note
-------+----------+-------------------------------------------
     0 | D:1      | Ivernyr the Human Fighter began the quest for the Orb.
     0 | D:1      | Reached XP level 1. HP: 18/18 MP: 1/1
   224 | D:1      | Reached XP level 2. HP: 24/24 MP: 2/2
   409 | D:1      | Reached XP level 3. HP: 29/29 MP: 3/3
   744 | D:2      | Noticed Jessica
   756 | D:2      | Killed Jessica
   756 | D:2      | Reached XP level 4. HP: 20/35 MP: 4/4
   840 | D:2      | Noticed Natasha
   844 | D:2      | Killed Natasha
   844 | D:2      | Reached skill level 4 in Shields
   987 | D:2      | Noticed Natasha
   998 | D:2      | Killed Natasha
   998 | D:2      | Reached XP level 5. HP: 41/41 MP: 5/5
  1024 | D:2      | Found a sacrificial altar of Ru.
  1051 | D:2      | Became a worshipper of Ru the Awakened
  1211 | D:2      | Found a white marble altar of Elyvilon.
  1623 | D:2      | Found a hide-covered altar of Uskayaw.
  1818 | D:2      | Reached XP level 6. HP: 10/48 MP: 6/6
  2300 | D:3      | Noticed Ivernyr's ghost (amateur HuFi)
  2329 | D:3      | Killed Ivernyr's ghost
  2329 | D:3      | Reached skill level 5 in Shields
  2329 | D:3      | Reached XP level 7. HP: 23/54 MP: 7/7
  2625 | D:3      | Killed from afar by an orc priest

Skill      XL: |  1  2  3  4  5  6 |
---------------+-------------------+-----
Shields        | 4 5 |  5.2
Long Blades    | 3 |  3.5
Fighting       | 4 |  4.2
Armour         | 4 |  4.2

Action                   |  1- 3 |  4- 6 |  7- 9 || total
-------------------------+-------+-------+-------++-------
Melee: Long sword        |    97 |   152 |    23 ||   272
  Eat: Chunk             |       |     2 |     1 ||     3
       Ration            |       |     1 |       ||     1
Armor: Scale mail        |    52 |    60 |    12 ||   124
       Skin              |       |     6 |       ||     6
Dodge: Dodged            |    22 |    49 |     4 ||    75
Block: Shield            |    48 |    79 |     8 ||   135
       Rpst.: Long sword |     8 |     9 |     2 ||    19
